 Seeded DCSS version 0.29-a0-1009-g60c99734e7 (webtiles) character file.

Game seed: 11654901422049846845 (custom seed)

4 flotson the Sneak (level 1, -4/18 HPs)
             Began as a Demonspawn Delver on Aug 8, 2022.
             Slain by a kobold brigand
             ... wielding a +0 dagger
              (5 damage)
             ... on level 4 of the Dungeon.
             The game lasted 00:01:39 (1002 turns).

flotson the Sneak (Demonspawn Delver)               Turns: 1002, Time: 00:01:40

Health: -4/18      AC:  5    Str: 12    XL:     1   Next: 58%
Magic:  1/1        EV: 14    Int: 11    God:
Gold:   7          SH:  0    Dex: 14    Spells: 0/0 levels left

rFire   . . .      SeeInvis .   a - +0 spear
rCold   . . .      Faith    .   (no shield)
rNeg    . . .      Spirit   .   m - +0 ring mail
rPois   .          Reflect  .   (no helmet)
rElec   .          Harm     .   (no cloak)
rCorr   .          Rampage  .   (no gloves)
Will    .....                   (no boots)
Stlth   ++........              (no amulet)
HPRegen 0.06/turn               h - +4 ring of evasion
MPRegen 0.07/turn               (no ring)

@: hasted, very quick
A: no striking features
a: no special abilities


You were on level 4 of the Dungeon.
You visited 1 branch of the dungeon, and saw 2 of its levels.

You collected 7 gold pieces.

Inventory:

Hand Weapons
 a - a +0 spear (weapon)
Armour
 m - a +0 ring mail (worn)
Jewellery
 h - a +4 ring of evasion (left hand)
Wands
 g - a wand of digging (2)
Scrolls
 c - a scroll of fog
 d - a scroll of magic mapping
 e - a scroll of fear
 i - a scroll of noise {unknown}
 k - a scroll of identify {unknown}
 n - a scroll of enchant weapon {unknown}
Potions
 b - a potion of curing {unknown}
 j - a potion of heal wounds {unknown}
 l - a potion of degeneration {unknown}


   Skills:
 + Level 3.0 Fighting
 - Level 1.7 Polearms
 + Level 0.3 Armour
 + Level 1.9 Dodging
 - Level 4.5 Stealth
 + Level 0.3 Evocations


You couldn't memorise any spells.
You didn't know any spells.
Your spell library was empty.

Dungeon Overview and Level Annotations

Branches:
Dungeon (5/15)
 Temple: D:4-7

Altars:

Annotations:
D:4 Eustachio


Message History

You barely miss the hound.
The hound is moderately wounded.
The hound closely misses you.
You hit the hound.
The hound is heavily wounded.
The hound completely misses you.
You barely miss the hound.
The hound is heavily wounded.
The hound closely misses you.
You hit the hound but do no damage.
The hound is heavily wounded.
The hound bites you but does no damage.
The kobold brigand hits you but does no damage.
You closely miss the hound.
The hound is heavily wounded.
The hound bites you but does no damage.
The kobold brigand hits you with a +0 dagger.
You hit the hound.
The hound is severely wounded.
The hound closely misses you.
You hit the hound but do no damage.
The hound is severely wounded.
The hound misses you.
The kobold brigand hits you with a +0 dagger.
You hit the hound.
The hound is severely wounded.
The hound closely misses you. The kobold brigand barely misses you.
You closely miss the hound.
The hound is severely wounded.
The hound bites you.
You closely miss the hound.
The hound is severely wounded.
The hound closely misses you.
The kobold brigand hits you with a +0 dagger.
* * * LOW HITPOINT WARNING * * *
You barely miss the hound.
The hound is severely wounded.
The hound closely misses you.
The kobold brigand hits you with a +0 dagger.
You die...

*,,***,##.#.....#.#
*,,,,,S#..........#
*,***,...#........#
*,***,,...........#
*,,,,,,,5.#.......#
*****,,,,,##....#.#
*,*,**#.#.....#
*,**,..####h###
**********####KK@.#
**,**,**,***♣K#####
**,,,,~,#..K.♣#
**,,,,,,P...P***
*,,,,,...#..,,,*
,,,,,,.....,,,**
*,,,,,..K#.,*,*
*,*,,,...P*****
**,,,,...,*,*


You could see a kobold brigand, a hound and 2 kobolds.

Vanquished Creatures
  A giant cockroach (D:4)
  2 jackals (D:5)
  A frilled lizard (D:4)
4 creatures vanquished.

Vanquished Creatures (others)
  2 bushes (D:4)
  16 plants (D:4)
18 creatures vanquished.

Grand Total: 22 creatures vanquished

Notes
Turn   | Place    | Note
-------+----------+-------------------------------------------
     0 | D:5      | flotson the Demonspawn Delver began the quest for the Orb.
     0 | D:5      | Reached XP level 1. HP: 18/18 MP: 1/1
   162 | D:4      | Noticed Eustachio
   194 | D:4      | Noticed a kobold brigand
   960 | D:4      | Noticed a hound
  1002 | D:4      | Slain by a kobold brigand

Illustrated notes

Levels and vault maps discovered:
D:4:      layout_loops_ring, mainiacjoe_overflow_paths,
          mainiacjoe_overflow_cross_hatched, lexackson_kobold_supper,
          uniq_eustachio
D:5:      layout_basic, minmay_temple_entry_poolview, serial_corexii_hall,
          corexii_hall_statues_i, corexii_hall_statues_deadend

Action                   || total
-------------------------++-------
Melee: Spear             ||    49
       Punch             ||     1
Evoke: Wand              ||     1
  Use: Scroll            ||     1
       Potion            ||     1
 Stab: Sleeping          ||     2
Armor: Ring mail         ||     4
Dodge: Dodged            ||    18

Table legend: (Time is in decaauts)
 A = Elapsed time spent in this place.
 B = Non-inter-level travel time spent in this place.
 C = Inter-level travel time spent in this place.
 D = Time resting spent in this place.
 E = Time spent auto-exploring this place.
 F = Levels seen in this place.
 G = Mean time per level.
                   A        B        C        D        E       F      G
               +--------+--------+--------+--------+--------+-----+--------+
         Total |    996 |    996 |      0 |    736 |    127 |   2 |  498.0 |
       Dungeon |    996 |    996 |      0 |    736 |    127 |   2 |  498.0 |
               +--------+--------+--------+--------+--------+-----+--------+

Top non-repeatable levels by time:
     D:4: 835 daAuts
     D:5: 161 daAuts
